 Dungeon Crawl Stone Soup version 0.14-a0-2071-g7172c92 (webtiles) character file.

340 Jenx the Ruinous (level 5, 0/28 HPs)
             Began as a Deep Elf Conjurer on Jan 23, 2014.
             Slain by a killer bee (5 damage)
             ... on Level 3 of the Dungeon.
             The game lasted 00:06:22 (1685 turns).

Jenx the Ruinous (Deep Elf Conjurer)                Turns: 1685, Time: 00:06:23

HP   0/28        AC  2     Str  6      XL: 5   Next:  9%
MP   1/16        EV 13     Int 20      God:
Gold 191         SH  0     Dex 15      Spells:  3 memorised,  2 levels left

rFire  . . .     SeeInvis .     a - +4,+1 elf short sword (drain)
rCold  . . .     Clarity  .     n - +0 elf robe
rNeg   . . .     Conserve .     (no shield)
rPois  .         rCorr    .     (no helmet)
rElec  .         rRot     .     (no cloak)
SustAb . .       Spirit   .     (no gloves)
rMut   .         Warding  .     (no boots)
Saprov . . .     Stasis   .     (no amulet)
MR     .....                    (no ring)
                                (no ring)

@: mildly poisoned, not resistant to hostile enchantments, fairly stealthy
A: no striking features
a: no special abilities


You were on level 3 of the Dungeon.
You were not hungry.

You visited 1 branch of the dungeon, and saw 3 of its levels.

You collected 191 gold pieces.

Inventory:

Hand weapons
 a - a +4,+1 elven short sword of draining (weapon)
 f - a +2,+4 whip
Armour
 n - a +0 elven robe (worn)
Magical devices
 x - a wand of cold (7) {unknown}
Comestibles
 b - a bread ration
 d - a sausage
 g - a meat ration
 i - a pear
 k - a chunk of giant cockroach flesh
 m - a rotting chunk of giant gecko flesh
 q - an apple
 z - a rotting chunk of bat flesh
 B - a rotting chunk of bat flesh
Scrolls
 h - a scroll of amnesia {unknown}
 j - 2 scrolls of identify {unknown}
 l - 2 scrolls of remove curse {unknown}
 s - 2 scrolls of recharging {unknown}
 C - a scroll of blinking {unknown}
Jewellery
 u - an uncursed amulet of conservation {unknown}
 y - an uncursed amulet of the gourmand {unknown}
Potions
 e - a potion of might {unknown}
 o - a potion of curing
 p - a potion of resistance {unknown}
 w - a potion of degeneration {unknown}
Books
 c - a book of Conjurations

   Spells                             Type                      Level
   *Magic Dart                        Conjuration                  1
   Searing Ray                        Conjuration                  2
   *Dazzling Spray                    Conjuration/Hexes            3
   Iskenderun's Mystic Blast          Conjuration                  4
   *Iskenderun's Battlesphere         Conjuration/Charms           4
   Fulminant Prism                    Conjuration/Hexes            5


   Skills:
 - Level 2.4 Dodging
 - Level 2.4 Stealth
 - Level 3.0 Spellcasting
 * Level 6.5 Conjurations
 - Level 2.2 Hexes
 + Level 1.5 Charms


You had 2 spell levels left.
You knew the following spells:

 Your Spells              Type           Power        Failure   Level  Hunger
a - Magic Dart            Conj           ####         1%          1    None
b - Dazzling Spray        Conj/Hex       ###.....     10%         3    ###....
c - Iskenderun's Battles  Conj/Chrm      ###.....     30%         4    ####...


Dungeon Overview and Level Annotations

Branches:
Dungeon (3/16)

Altars:
Cheibriados
Sif Muna


Message History

Press: ? - help, Shift-Dir - straight line, f - killer bee
Aim: a killer bee (heavily wounded)
The magic dart hits the killer bee.
The killer bee is almost dead.
The killer bee stings you.
* * * LOW HITPOINT WARNING * * *
The killer bee barely misses you.
You hit the killer bee but do no damage.
The killer bee is almost dead.
The killer bee completely misses you. The killer bee misses you.
The killer bee stings you!
* * * LOW HITPOINT WARNING * * *
You are more poisoned.
The killer bee poisons you!
Drink which item? (? for menu, Esc to quit)
You feel better.
It was a potion of curing.
The killer bee stings you!
* * * LOW HITPOINT WARNING * * *
You are poisoned.
The killer bee poisons you! The killer bee stings you.
You die...

#.#.# #.
#.#####.#
#.#.## #.
.... #..
#....# #
###### ##.
###..# . #.
#..# <# #.
#########..#
.# #.
...........#
.# .
##########.#
.# #@# .#
#k# .#
#k###k##.#
#k..kk...#
#####...##
..%....
##.#### #.#
.# #.. # ###


You could see 3 killer bees.

Vanquished Creatures
  2 killer bees (D:3)
  2 adders
  A giant mite (D:2)
  A giant gecko (D:3)
  An ooze (D:2)
  6 bats
  3 hobgoblins
  6 kobolds
  2 giant cockroaches
  A giant spore (D:3)
  7 goblins
  7 rats
39 creatures vanquished.

Notes
Turn   | Place    | Note
--------------------------------------------------------------
     0 | D:1      | Jenx, the Deep Elf Conjurer, began the quest for the Orb.
     0 | D:1      | Reached XP level 1. HP: 10/10 MP: 5/5
   347 | D:1      | Reached XP level 2. HP: 15/15 MP: 1/8
   500 | D:1      | Reached skill level 5 in Conjurations
   807 | D:2      | Found a snail-covered altar of Cheibriados.
   917 | D:2      | Reached XP level 3. HP: 19/19 MP: 3/10
   929 | D:2      | Learned a level 3 spell: Dazzling Spray
  1356 | D:3      | Found a deep blue altar of Sif Muna.
  1384 | D:3      | Reached skill level 1 in Hexes
  1575 | D:3      | Reached skill level 6 in Conjurations
  1575 | D:3      | Reached XP level 4. HP: 24/24 MP: 3/13
  1653 | D:3      | Learned a level 4 spell: Iskenderun's Battlesphere
  1680 | D:3      | Reached skill level 1 in Charms
  1680 | D:3      | Reached XP level 5. HP: 14/28 MP: 1/16
  1684 | D:3      | HP: 1/28 [killer bee (7)]
  1685 | D:3      | Slain by a killer bee

Action                   |  1- 3 |  4- 6 || total
-------------------------+-------+-------++-------
Melee: Whip              |     6 |       ||     6
       Short sword       |     1 |     5 ||     6
 Cast: Magic Dart        |    64 |     5 ||    69
       Dazzling Spray    |     1 |     4 ||     5
  Use: Potion            |       |     1 ||     1
 Stab: Invisible         |       |     1 ||     1
